 Dungeon Crawl Stone Soup version 0.29.1-12-g30fa7ad0bf (webtiles) character file.

Game seed: 2108145803113636179

382 Radix the Stinger (level 6, 0/49 HPs)
             Began as a Naga Venom Mage on Dec 29, 2022.
             Slain by a phantom (2 damage)
             ... on level 5 of the Dungeon.
             The game lasted 00:29:20 (3240 turns).

Radix the Stinger (Naga Venom Mage)                 Turns: 3240, Time: 00:29:20

Health: 0/49       AC:  4    Str: 10    XL:     6   Next: 76%
Magic:  11/11      EV:  9    Int: 18    God:
Gold:   104        SH:  0    Dex: 11    Spells: 2/12 levels left

rFire   . . .      SeeInvis +   j - +0 spear
rCold   . . .      Faith    .   (no shield)
rNeg    . . .      Spirit   .   a - +0 robe
rPois   +          Reflect  .   (no helmet)
rElec   .          Harm     .   (no cloak)
rCorr   .          Rampage  .   i - +0 pair of gloves
Will    .....                   (no barding)
Stlth   ++........              (no amulet)
HPRegen 0.16/turn               (no ring)
MPRegen 0.12/turn               (no ring)

@: very slow
A: AC +2, large, see invisible, deformed body, poison resistance, slowness 2,
spit poison 1, naga tail 1
a: Spit Poison


You were on level 5 of the Dungeon.
You visited 1 branch of the dungeon, and saw 4 of its levels.

You collected 104 gold pieces.

Inventory:

Hand Weapons
 c - a +0 scythe
 d - a +0 dagger
 j - a +0 spear (weapon)
Armour
 a - a +0 robe (worn)
 i - a +0 pair of gloves (worn)
Scrolls
 e - 2 scrolls of immolation
 g - a scroll of enchant weapon {unknown}
 h - a scroll of vulnerability {unknown}
 k - a scroll of summoning
Potions
 b - a potion of magic
 f - a potion of cancellation


   Skills:
 - Level 1.5 Dodging
 - Level 3.0 Stealth
 + Level 3.8 Spellcasting
 + Level 2.6 Conjurations
 - Level 1.0 Transmutations
 + Level 2.5 Air Magic
 + Level 6.3 Poison Magic


You had 2 spell levels left.
You knew the following spells:

 Your Spells              Type           Power      Damage    Failure   Level
a - Sting                 Tmut/Pois      64%        1d6       3%          1
b - Poisonous Vapours     Pois/Air       38%        N/A       3%          2
c - Olgreb's Toxic Radia  Pois           26%        N/A       11%         4
d - Mephitic Cloud        Conj/Pois/Air  17%        N/A       10%         3

Your spell library contained the following spells:

 Spells                   Type           Power      Damage    Failure   Level


Dungeon Overview and Level Annotations

Branches:
Dungeon (3/15)

Altars:
Kikubaaqudgha


Innate Abilities, Weirdness & Mutations

Your serpentine skin is tough. (AC +2)
You have supernaturally acute eyesight. (SInv)
Armour fits poorly on your strangely shaped body.
Your system is resistant to poisons. (rPois)
You cover ground very slowly.
You can spit poison.
You have a snake-like lower body.


Message History

The phantom hits you.
The phantom blinks!
You blink.
You hit the phantom.
The phantom is heavily damaged.
The phantom hits you.
You hit the phantom.
The phantom is severely damaged.
The phantom barely misses you.
You hit the phantom but do no damage.
The phantom is severely damaged.
The phantom hits you but does no damage.
You barely miss the phantom.
The phantom is severely damaged.
The phantom closely misses you.
You hit the phantom.
The phantom is severely damaged.
The phantom closely misses you. The phantom hits you!
* * * LOW HITPOINT WARNING * * *
The phantom blinks!
You blink.
You closely miss the phantom.
The phantom is severely damaged.
The phantom closely misses you.
You closely miss the phantom.
The phantom is severely damaged.
The phantom hits you but does no damage.
You barely miss the phantom.
The phantom is severely damaged.
The phantom hits you.
* * * LOW HITPOINT WARNING * * *
The phantom blinks!
You blink.
Okay, then.
As you read the scroll labelled HED NAMUETZ, it crumbles to dust.
The creatures around you are filled with an inner flame!
It was a scroll of immolation.
The phantom hits you.
* * * LOW HITPOINT WARNING * * *
The phantom blinks!
You blink.
Unknown command.
As you read the scroll labelled ZEOSTR UMME, it crumbles to dust.
Wisps of shadow whirl around you...
It was a scroll of summoning.
The phantom hits you.
You die...

#..............#
...#..............#
...................#
.##................#
...######.....######
... #.....# ..
#.....# #W..o.#
#@o...# #l....#
#.h§§.# #..o..#
######.....#
#......#####
#......# #.§....#
#......#


You could see a phantom (inner flame, ally target), a friendly iguana
(summoned), a friendly hound (summoned), a friendly orc wizard (summoned) and 2
friendly orcs.

Vanquished Creatures
  Sigmund (D:2)
  A necrophage (D:2)
  A scorpion (D:5)
  3 adders
  A worm (D:3)
  A dart slug (D:2)
  An orc (D:3)
  3 ball pythons
  12 endoplasms
  2 giant cockroaches (D:2)
  7 hobgoblins
  9 jackals
  7 kobolds
  4 quokkas (D:1)
  7 bats
  3 frilled lizards (D:1)
  8 goblins
  3 rats
74 creatures vanquished.

Notes
Turn   | Place    | Note
-------+----------+-------------------------------------------
     0 | D:1      | Radix the Naga Venom Mage began the quest for the Orb.
     0 | D:1      | Reached XP level 1. HP: 15/15 MP: 3/3
   351 | D:1      | Reached XP level 2. HP: 22/22 MP: 3/5
  1020 | D:1      | Reached XP level 3. HP: 28/28 MP: 3/6
  1350 | D:2      | Reached skill level 5 in Poison Magic
  1598 | D:2      | Noticed Sigmund
  1605 | D:2      | Noticed a necrophage
  1628 | D:2      | Reached XP level 4. HP: 16/35 MP: 4/8
  1630 | D:2      | HP: 1/33 [necrophage (1)]
  1687 | D:2      | Learned a level 2 spell: Poisonous Vapours
  1861 | D:2      | Reached skill level 1 in Conjurations
  2134 | D:2      | Found an ancient bone altar of Kikubaaqudgha.
  2453 | D:2      | Killed Sigmund
  2454 | D:2      | Reached XP level 5. HP: 9/42 MP: 3/10
  2454 | D:2      | Reached XP level 6. HP: 10/49 MP: 3/11
  2461 | D:2      | Reached skill level 6 in Poison Magic
  2737 | D:2      | Learned a level 4 spell: Olgreb's Toxic Radiance
  2741 | D:2      | Learned a level 3 spell: Mephitic Cloud
  3131 | D:3      | You fall into a shaft and drop 2 floors!
  3131 | D:5      | Entered Level 5 of the Dungeon
  3239 | D:5      | HP: 2/49 [phantom (3)]
  3240 | D:5      | Slain by a phantom

Illustrated notes

Levels and vault maps discovered:
D:1:      mrwooster_arrival_statue, layout_basic
D:2:      layout_basic, basic_altar, uniq_sigmund
D:3:      layout_rooms, chequers_ecumenical_altar_island, serial_aquarium,
          aquarium_bridge_straight [aquarium_subvault_bridge,
          aquarium_subvault_wall, aquarium_subvault_bridge,
          aquarium_subvault_wall], aquarium_window_1, aquarium_window_corner,
          aquarium_window_corridor_1, aquarium_window_double, aquarium_view_2d,
          aquarium_view_2d, aquarium_balcony_double_4
D:5:      layout_gridville, mainiacjoe_overflow_concentric_impassable,
          serial_shops, shop, uniq_eustachio, uniq_ijyb, uniq_menkaure

Skill      XL: |  1  2  3  4  5  6 |
---------------+-------------------+-----
Poison Magic   | 5 6 |  6.3
Spellcasting   | 3 |  3.8
Conjurations   | 2 |  2.6
Air Magic      | 2 |  2.5
Dodging        | |  1.5
Stealth        | |  3.0
Transmutations | |  1.0

Action                   |  1- 3 |  4- 6 || total
-------------------------+-------+-------++-------
Melee: Club              |     4 |       ||     4
       Dagger            |    51 |    29 ||    80
       Spear             |       |    72 ||    72
       Punch             |       |     2 ||     2
 Cast: Sting             |    50 |    29 ||    79
       Poisonous Vapours |       |    18 ||    18
       Mephitic Cloud    |       |     1 ||     1
 Abil: Spit Poison       |       |     5 ||     5
  Use: Potion            |     1 |     2 ||     3
       Scroll            |       |     5 ||     5
 Stab: Confused          |       |     1 ||     1
Armor: Robe              |    13 |    22 ||    35
       Skin              |    39 |    26 ||    65
Dodge: Dodged            |    27 |    45 ||    72
